 Dungeon Crawl Stone Soup version 0.30-a0-862-g1aabd4f9c5 (webtiles) character file.

Game seed: 6675272659442706453

139 Maxmaps the Ducker (level 5, -10/47 HPs)
             Began as a Gnoll Monk on Mar 10, 2023.
             Mangled by Crazy Yiuf
             ... wielding a +4 quarterstaff of chaos
              (19 damage)
             ... on level 2 of the Dungeon.
             The game lasted 00:01:29 (1419 turns).

Maxmaps the Ducker (Gnoll Monk)                     Turns: 1419, Time: 00:01:30

Health: -10/47     AC:  5    Str: 11    XL:     5   Next: 22%
Magic:  7/7        EV: 18    Int: 11    God:
Gold:   79         SH:  0    Dex: 14    Spells: 6/6 levels left

rFire   . . .      SeeInvis .    i - +0 falchion (elec)
rCold   . . .      Faith    .    (no shield)
rNeg    . . .      Spirit   .    n - +0 ring mail
rPois   .          Reflect  .    (no helmet)
rElec   .          Rampage  .    (no cloak)
rCorr   .                        (no gloves)
Will    .....                    (no boots)
Stlth   ++                       d - amulet of magic regeneration
HPRegen 0.27/turn                j - +5 ring of evasion
MPRegen 0.50/turn                a - ring of flight

@: flying
A: fangs 1, strong nose, distributed training
a: no special abilities


You were on level 2 of the Dungeon.
You visited 1 branch of the dungeon, and saw 2 of its levels.

You collected 79 gold pieces.

Inventory:

Hand Weapons
 i - a +0 falchion of electrocution (weapon)
Armour
 n - a +0 ring mail (worn)
Jewellery
 a - a ring of flight (right hand)
 d - an amulet of magic regeneration (around neck)
 j - a +5 ring of evasion (left hand)
Wands
 l - a wand of polymorph (10)
Scrolls
 f - a scroll of noise {unknown}
 g - a scroll of immolation {unknown}
 m - 4 scrolls of identify {unknown}
 o - a scroll of poison {unknown}
Potions
 b - a potion of magic {unknown}
 c - a potion of ambrosia
 e - a potion of curing {unknown}
 h - 3 potions of attraction {unknown}
 k - a potion of cancellation {unknown}


   Skills:
 + Level 6.7 Fighting
 + Level 1.4 Short Blades
 + Level 1.4 Long Blades
 + Level 6.7 Axes
 + Level 1.4 Maces & Flails
 + Level 1.4 Polearms
 + Level 1.4 Staves
 + Level 1.4 Ranged Weapons
 + Level 1.4 Throwing
 + Level 1.4 Armour
 + Level 6.7 Dodging
 + Level 4.4 Stealth
 + Level 1.4 Shields
 + Level 1.4 Unarmed Combat
 + Level 1.4 Spellcasting
 + Level 1.1 Conjurations
 + Level 1.1 Hexes
 + Level 1.1 Summonings
 + Level 1.1 Necromancy
 + Level 1.1 Translocations
 + Level 1.1 Transmutations
 + Level 1.1 Fire Magic
 + Level 1.1 Ice Magic
 + Level 1.1 Air Magic
 + Level 1.1 Earth Magic
 + Level 1.1 Poison Magic
 + Level 1.6 Invocations
 + Level 1.4 Evocations


You had 6 spell levels left.
You didn't know any spells.
Your spell library contained the following spells:

 Spells                   Type           Power      Damage    Failure   Level
 Vhi's Electric Charge    Tloc/Air       6%         N/A       80%         3
 Arcjolt                  Conj/Air       1%         1d11      100%        5
 Maxwell's Capacitive Co  Air            1%         ∞         100%        8


Dungeon Overview and Level Annotations

Branches:
Dungeon (2/15)

Altars:

Annotations:
D:2 Crazy Yiuf


Innate Abilities, Weirdness & Mutations

You have very sharp teeth.
Your uncanny sense of smell can sniff out nearby items.
Your experience applies equally to all skills.


Message History

You slash the fungus!
The fungus is lightly damaged.
You hit the fungus.
The fungus is lightly damaged.
A nearby fungus withers and dies.
Unknown command.
You see here a +0 hammer.
Found four hammers.
Found a runed translucent door.
You see here a +0 hammer.
Crazy Yiuf shouts!
You see here a +0 hammer.
Found two hammers.
You see here a +0 hammer.
You reach down and open the door.
Crazy Yiuf says, "Sif Muna action forty-two!"
You hit Crazy Yiuf but do no damage. You bite Crazy Yiuf, but do no damage.
Crazy Yiuf barely misses you.
Crazy Yiuf drinks a potion.
Crazy Yiuf seems to grow stronger.
You hit Crazy Yiuf. Lightning courses through Crazy Yiuf!
Crazy Yiuf is severely wounded.
Crazy Yiuf misses you.
You barely miss Crazy Yiuf.
Crazy Yiuf is severely wounded.
Crazy Yiuf hits you with a +4 quarterstaff of chaos!
You suddenly lose the ability to move!
Crazy Yiuf hits you with a +4 quarterstaff of chaos!
Crazy Yiuf says, "Line shoe disdain!"
Crazy Yiuf hits you with a +4 quarterstaff of chaos!
* * * LOW HITPOINT WARNING * * *
Crazy Yiuf burns you.
* * * LOW HITPOINT WARNING * * *
You can move again.
You closely miss Crazy Yiuf.
Crazy Yiuf is severely wounded.
Crazy Yiuf says, "Hack sing-song cloud!"
Crazy Yiuf barely misses you.
You hit Crazy Yiuf.
Crazy Yiuf is almost dead.
Crazy Yiuf hits you with a +4 quarterstaff of chaos!!
You die...

#...#.#.#.#.##..#.......#.#
##..#.#..########
###.#.##### #..#.####
#.........# ##.......#
##### #.#.#.###.#
#..##.#.## #).)# ##.#.#.##
##..##.# #...# #.......#
#......# ).) #..#..#.#
##....).# #g# ##....#.#
#.......# ♣@♣♣ #....#.##.#
#.......# ♣♣)♣ #....#....#
#.......# ♣.♣♣ ####...#####
#)......# ♣♣)♣ #..........'
#....#..# ♣♣)♣♣
#.....##.### ##...#..####
♣♣..)♣ ########.# #
#...##....# ♣.PPP♣
#........# # ##...######
#....# #........# # #...##
#....###........##


You could see Crazy Yiuf (strong).

Vanquished Creatures
  Jessica (D:2)
  An orc wizard (D:2)
  3 adders (D:2)
  2 worms (D:2)
  A dart slug (D:1)
  3 orcs (D:2)
  A bat (D:1)
  4 endoplasms
  2 giant cockroaches (D:1)
  13 goblins
  5 hobgoblins (D:1)
  A quokka (D:2)
  A ball python (D:1)
  2 frilled lizards (D:2)
  3 kobolds
  6 rats
49 creatures vanquished.

Vanquished Creatures (others)
  A fungus (D:2)
  A plant (D:1)
2 creatures vanquished.

Grand Total: 51 creatures vanquished

Notes
Turn   | Place    | Note
-------+----------+-------------------------------------------
     0 | D:1      | Maxmaps the Gnoll Monk began the quest for the Orb.
     0 | D:1      | Reached XP level 1. HP: 23/23 MP: 1/1
    80 | D:1      | Reached XP level 2. HP: 25/29 MP: 2/2
   361 | D:1      | Reached XP level 3. HP: 34/35 MP: 3/3
   681 | D:2      | Reached skill level 1 in Invocations
   769 | D:2      | Reached skill level 1 in Short Blades
   769 | D:2      | Reached skill level 1 in Long Blades
   769 | D:2      | Reached skill level 1 in Maces & Flails
   769 | D:2      | Reached skill level 1 in Polearms
   769 | D:2      | Reached skill level 1 in Staves
   769 | D:2      | Reached skill level 1 in Ranged Weapons
   769 | D:2      | Reached skill level 1 in Throwing
   769 | D:2      | Reached skill level 1 in Armour
   769 | D:2      | Reached skill level 1 in Shields
   769 | D:2      | Reached skill level 1 in Unarmed Combat
   769 | D:2      | Reached skill level 1 in Spellcasting
   769 | D:2      | Reached skill level 1 in Evocations
   836 | D:2      | Reached XP level 4. HP: 29/41 MP: 5/5
   940 | D:2      | Noticed Jessica
   948 | D:2      | Killed Jessica
   949 | D:2      | Reached skill level 1 in Conjurations
   949 | D:2      | Reached skill level 1 in Hexes
   949 | D:2      | Reached skill level 1 in Summonings
   949 | D:2      | Reached skill level 1 in Necromancy
   949 | D:2      | Reached skill level 1 in Translocations
   949 | D:2      | Reached skill level 1 in Transmutations
   949 | D:2      | Reached skill level 1 in Fire Magic
   949 | D:2      | Reached skill level 1 in Ice Magic
   949 | D:2      | Reached skill level 1 in Air Magic
   949 | D:2      | Reached skill level 1 in Earth Magic
   949 | D:2      | Reached skill level 1 in Poison Magic
  1002 | D:2      | Found a faded altar of an unknown god.
  1070 | D:2      | Reached XP level 5. HP: 38/47 MP: 5/7
  1408 | D:2      | Found a runed translucent door.
  1409 | D:2      | Noticed Crazy Yiuf
  1415 | D:2      | Paralysed by Crazy Yiuf for 3 turns
  1419 | D:2      | Mangled by Crazy Yiuf

Illustrated notes

Levels and vault maps discovered:
D:1:      minmay_arrival_doors, layout_rooms, serial_bayou_pond_a
D:2:      layout_basic, hellmonk_ecumenical_altar_zigzags,
          uniq_crazy_yiuf_cottage, uniq_jessica

Skill      XL: |  1  2  3  4 |
---------------+-------------+-----
Invocations    | 1 |  1.6
Short Blades   | 1 |  1.4
Long Blades    | 1 |  1.4
Maces & Flails | 1 |  1.4
Polearms       | 1 |  1.4
Staves         | 1 |  1.4
Ranged Weapons | 1 |  1.4
Throwing       | 1 |  1.4
Armour         | 1 |  1.4
Shields        | 1 |  1.4
Unarmed Combat | 1 |  1.4
Spellcasting   | 1 |  1.4
Evocations     | 1 |  1.4
Conjurations   | 1 |  1.1
Hexes          | 1 |  1.1
Summonings     | 1 |  1.1
Necromancy     | 1 |  1.1
Translocations | 1 |  1.1
Transmutations | 1 |  1.1
Fire Magic     | 1 |  1.1
Ice Magic      | 1 |  1.1
Air Magic      | 1 |  1.1
Earth Magic    | 1 |  1.1
Poison Magic   | 1 |  1.1
Fighting       | |  6.7
Axes           | |  6.7
Dodging        | |  6.7
Stealth        | |  4.4

Action                     |  1- 3 |  4- 6 || total
---------------------------+-------+-------++-------
  Melee: Hand axe          |    64 |       ||    64
         Bite              |     8 |     5 ||    13
         Punch             |     1 |       ||     1
         Falchion          |    16 |    55 ||    71
   Stab: Sleeping          |     7 |     1 ||     8
 Armour: Robe              |     3 |     1 ||     4
         Ring mail         |       |     8 ||     8
  Dodge: Dodged            |    65 |    71 ||   136

Table legend: (Time is in decaauts)
 A = Elapsed time spent in this place.
 B = Non-inter-level travel time spent in this place.
 C = Inter-level travel time spent in this place.
 D = Time resting spent in this place.
 E = Time spent auto-exploring this place.
 F = Levels seen in this place.
 G = Mean time per level.
                   A        B        C        D        E       F      G
               +--------+--------+--------+--------+--------+-----+--------+
         Total |   1434 |   1408 |     26 |     33 |    998 |   2 |  717.0 |
       Dungeon |   1434 |   1408 |     26 |     33 |    998 |   2 |  717.0 |
               +--------+--------+--------+--------+--------+-----+--------+

Top non-repeatable levels by time:
     D:2: 833 daAuts
     D:1: 601 daAuts
